 Dungeon Crawl Stone Soup version 0.18.1-50-g88ac8fd (webtiles) character file.

195 Golzeb the Skirmisher (level 5, -9/47 HPs)
             Began as a Minotaur Berserker on Oct 4, 2016.
             Was a Priest of Trog.
             Mangled by vonhedlund's ghost (10 damage)
             ... on level 4 of the Dungeon on Oct 5, 2016.
             The game lasted 00:17:26 (2899 turns).

Golzeb the Skirmisher (Minotaur Berserker)          Turns: 2899, Time: 00:17:27

Health: -9/47      AC:  9    Str: 22    XL:     5   Next: 45%
Magic:  4/4        EV:  3    Int:  4    God:    Trog [***...]
Gold:   70         SH:  4    Dex: 10    Spells: 0 memorised, 4 levels left

rFire  . . .     SeeInvis .     a - +0 mace
rCold  . . .     Gourm    .     m - +0 chain mail
rNeg   . . .     Faith    .     r - +0 buckler
rPois  .         Spirit   .     (helmet restricted)
rElec  .         Dismiss  .     (no cloak)
rCorr  .         Reflect  .     (no gloves)
SustAt .         Harm     .     (no boots)
MR     .....                    (no amulet)
Stlth  ..........               (no ring)
                                (no ring)

@: not resistant to hostile enchantments, extremely unstealthy
A: retaliatory headbutt, horns 2
a: Berserk, Trog's Hand, Burn Spellbooks, Renounce Religion


You were on level 4 of the Dungeon.
You worshipped Trog.
Trog was most pleased with you.
You were not hungry.

You visited 1 branch of the dungeon, and saw 4 of its levels.

You collected 70 gold pieces.

Inventory:

Hand Weapons
 a - a +0 mace (weapon)
Armour
 l - a +0 large shield
 m - a +0 chain mail (worn)
 r - a +0 buckler (worn)
Jewellery
 d - a +5 ring of strength {unknown}
 e - an uncursed ring of poison resistance {unknown}
 h - a cursed ring of loudness {unknown}
 q - an uncursed ring of positive energy {unknown}
Scrolls
 f - 5 scrolls of identify {unknown}
 n - a scroll of recharging {unknown}
 o - a scroll of fog {unknown}
 t - 3 scrolls of remove curse {unknown}
Potions
 b - 3 potions of lignification {unknown}
 i - a potion of curing {unknown}
 j - 2 potions of heal wounds {unknown}
 s - a potion of might {unknown}
 u - a potion of haste
Books
 g - a book of the Sky

   Spells                             Type                      Level
   a - Summon Lightning Spire         Summoning/Air                4
   b - Airstrike                      Air                          4
   c - Silence                        Hexes/Air                    5
   d - Deflect Missiles               Charms/Air                   6
   e - Conjure Ball Lightning         Conjuration/Air              6
   f - Tornado                        Air                          9
   Trog disapproves of the use of such an item.
Comestibles
 c - 2 bread rations
 k - 8 fruits
 p - a chunk of flesh


   Skills:
 + Level 4.4 Fighting
 + Level 4.4 Maces & Flails
 + Level 4.1 Armour
 + Level 3.2 Dodging
 + Level 0.1 Stealth
 + Level 2.8 Shields


You had 4 spell levels left.
You didn't know any spells.

Dungeon Overview and Level Annotations

Branches:
Dungeon (4/15)
 Temple: D:4-7

Altars:
Pakellas
The Shining One

Shops:
D:4 :

Annotations:
D:4 vonhedlund's ghost, amateur HOGl


Innate Abilities, Weirdness & Mutations

You reflexively headbutt those who attack you in melee.
You have a pair of horns on your head.


Message History

You sock vonhedlund's ghost!
Vonhedlund's ghost is severely damaged.
Vonhedlund's ghost hits you.
You miss vonhedlund's ghost.
Vonhedlund's ghost is severely damaged.
Vonhedlund's ghost hits you!
* * * LOW HITPOINT WARNING * * *
You hit vonhedlund's ghost but do no damage.
Your headbutt misses vonhedlund's ghost.
Vonhedlund's ghost is severely damaged.
Vonhedlund's ghost hits you.
* * * LOW HITPOINT WARNING * * *
Vonhedlund's ghost barely misses you. Vonhedlund's ghost hits you!
* * * LOW HITPOINT WARNING * * *
Vonhedlund's ghost hits you.
* * * LOW HITPOINT WARNING * * *
There is a stone staircase leading up here.
Vonhedlund's ghost hits you!
You die...

### #.# #.. ... #.# #.#
#.# #.# #.# #.# #.# #<#
#'###.# .∩....#
################# ......#
#......@W........
.)....####.###............
...............###.#.###..
#.###..........# #.#.#
..)##..........###.# #
..÷................#
...............#####
...................#
...##.......(..###.#


You could see vonhedlund's ghost.

Vanquished Creatures
  A centaur (D:3)
  3 adders
  3 worms
  2 giant geckos
  11 orcs
  A giant cockroach (D:1)
  3 goblins
  6 hobgoblins
  7 jackals
  3 quokkas
  2 ball pythons
  9 bats
  A giant gecko skeleton (D:4)
  6 giant newts
  5 kobolds
  9 rats
  8 plants (D:2)
80 creatures vanquished.

Notes
Turn   | Place    | Note
--------------------------------------------------------------
     0 | D:1      | Golzeb the Minotaur Berserker began the quest for the Orb.
     0 | D:1      | Reached XP level 1. HP: 19/19 MP: 0/0
   311 | D:1      | Reached XP level 2. HP: 27/27 MP: 1/1
  1051 | D:2      | Found an oddly glowing altar of Pakellas.
  1276 | D:2      | Reached XP level 3. HP: 33/33 MP: 2/2
  1619 | D:2      | Reached ** piety under Trog
  1858 | D:3      | Noticed a centaur
  1866 | D:3      | Killed a centaur
  1866 | D:3      | Reached XP level 4. HP: 15/40 MP: 3/3
  1870 | D:3      | Reached XP level 5. HP: 18/46 MP: 4/4
  2216 | D:3      | Found a glowing golden altar of the Shining One.
  2233 | D:3      | Reached *** piety under Trog
  2676 | D:4      | Found Vytax's Book Boutique.
  2772 | D:4      | Noticed vonhedlund's ghost (amateur HOGl)
  2892 | D:4      | HP: 1/47 [vonhedlund's ghost (7)]
  2897 | D:4      | HP: 1/47 [vonhedlund's ghost (1)]
  2899 | D:4      | Mangled by vonhedlund's ghost

Skill      XL: |  1  2  3  4  5 |
---------------+----------------+-----
Fighting       | 4 |  4.4
Maces & Flails | 4 |  4.4
Armour         | 3 4 |  4.1
Dodging        | 3 |  3.2
Shields        | 2 |  2.8
Stealth        | |  0.1

Action                   |  1- 3 |  4- 6 || total
-------------------------+-------+-------++-------
Melee: Mace              |   256 |    77 ||   333
       Headbutt          |    78 |    15 ||    93
  Eat: Pizza             |     1 |       ||     1
       Fruit             |     4 |       ||     4
       Chunk             |       |     2 ||     2
Armor: Ring mail         |    24 |       ||    24
       Animal skin       |     2 |       ||     2
       Chain mail        |    39 |    69 ||   108
Dodge: Dodged            |    42 |    20 ||    62
Block: Large shield      |    46 |    76 ||   122
       Buckler           |       |     1 ||     1
